 Dungeon Crawl Stone Soup version 0.30-b1-2-g02819fbbbe (webtiles) character file.

Game seed: 189222592768076581

162 snakesoul the Gusty (level 5, -1/28 HPs)
             Began as a Tengu Air Elementalist on June 12, 2023.
             Slain by a bullfrog (6 damage)
             ... in a sewer.
             The game lasted 00:03:58 (2918 turns).

snakesoul the Gusty (Tengu Air Elementalist)        Turns: 2918, Time: 00:03:59

Health: -1/28      AC:  3    Str:  9    XL:     5   Next: 43%
Magic:  0/10       EV: 14    Int: 17    God:
Gold:   97         SH:  0    Dex: 14    Spells: 4/10 levels left

rFire   . . .        c - +0 dagger
rCold   . . .        (no shield)
rNeg    . . .        a - +0 robe
rPois   .            (helmet restricted)
rElec   .            (no cloak)
rCorr   .            h - +0 pair of gloves
SInv    .            (boots unavailable)
Will    .....        (no amulet)
Stlth   ++           (no ring)
HPRegen 0.24/turn    (no ring)
MPRegen 0.12/turn

%: no passive effects
@: flying quickly and evasively, quick
A: beak, talons 3, nimble flight
a: no special abilities


You were in a sewer.
You visited 1 branch of the dungeon, and saw 3 of its levels.
You also visited: Sewer.

You collected 97 gold pieces.

Inventory:

Hand Weapons
 c - a +0 dagger (weapon)
Armour
 a - a +0 robe (worn)
 h - a +0 pair of gloves (worn)
Scrolls
 d - 2 scrolls of fog {unknown}
 e - 2 scrolls of identify {unknown}
 f - 2 scrolls of noise {unknown}
Potions
 b - a potion of magic
 g - a potion of curing {unknown}


   Skills:
 - Level 2.1 Dodging
 - Level 2.0 Stealth
 + Level 3.2 Spellcasting
 + Level 4.0 Conjurations
 + Level 5.6 Air Magic


You had 4 spell levels left.
You knew the following spells:

 Your Spells              Type           Power      Damage    Failure   Level
a - Shock                 Conj/Air       76%        1d7       2%          1
b - Static Discharge      Conj/Air       38%        2-4/arc   3%          2
c - Swiftness             Air            21%        N/A       4%          3

Your spell library contained the following spells:

 Spells                   Type           Power      Damage    Failure   Level
 Airstrike                Air            10%        2d(2-18)  17%         4


Dungeon Overview and Level Annotations

Branches:
Dungeon (3/15)              Sewer (1/1)

Altars:
Yredelemnul


Innate Abilities, Weirdness & Mutations

You have a beak for a mouth.
You have claws for feet.
Your magical nature lets you fly swiftly and evasively.


Message History

A bullfrog comes into view.
Your Conjurations skill increases to level 4!
The zap hits the endoplasm.
You kill the endoplasm!
The zap misses the bullfrog.
The bullfrog gives a loud, deep croak!
You hear a loud, deep croak!
The zap hits the bullfrog.
The bullfrog is lightly wounded.
A bullfrog comes into view.
The zap hits the bullfrog!
The bullfrog is moderately wounded.
The zap hits the bullfrog.
The bullfrog is lightly wounded.
The bullfrog hits you.
The zap hits the bullfrog.
The bullfrog is moderately wounded.
The bullfrog barely misses you. The bullfrog hits you.
The zap misses the bullfrog.
The zap hits the bullfrog.
The bullfrog is heavily wounded.
A quokka comes into view.
The bullfrog hits you but does no damage. x2
The zap hits the bullfrog.
The bullfrog is severely wounded.
The bullfrog barely misses you. The bullfrog hits you.
The bullfrog hits you but does no damage. x2
The zap hits the bullfrog.
The bullfrog is almost dead.
The bullfrog barely misses you.
The bullfrog releases a deep croak.
The bullfrog hits you.
The zap hits the bullfrog.
The bullfrog is almost dead.
The bullfrog hits you! The bullfrog barely misses you. The bullfrog hits you!
* * * LOW HITPOINT WARNING * * *
The bullfrog misses you. The bullfrog attacks as you move away!
The bullfrog closely misses you.
You see here a ball python corpse.
The bullfrog attacks as you move away! The bullfrog closely misses you. x2
The bullfrog attacks as you move away! The bullfrog hits you.
You die...

##~†##..~.~~~##~~~#
##~~##~~~..~.~~##~~##
#~.~~†.~~~~.~~~~#~~~#
#~~...#######~~~##~~#
#######~###~~~.≈##~~~#~~#
#~~.~.###~~~~~~~≈##.~#.~~
#~..~~#.~r~S~~.~~ #~~##~~
#.~..~#FF##..~=.. ##.~#~.
#.~#~.#~@# ~$$$. #~~#~.
#~~#†~#~~# ~?=. #~~#~.
#~†#~##~~# †$~ #~~#~.
#~~#~#.~.# .~ #~.#.~
#~~#~#∩~.# ~ #~~#~.
#~~#.#†~.## ##~~#.~
#~~#~###†~# #~~##~~
#..#~~~#~.## ##~~#~~.
##.##~~#~~.## ##.~~#~.#


You could see 2 bullfrogs and a quokka.

Vanquished Creatures
  7 adders
  A worm (D:3)
  A bat (D:3)
  11 endoplasms
  18 giant cockroaches
  4 goblins (D:2)
  7 hobgoblins
  4 jackals (D:2)
  6 quokkas
  12 ball pythons
  8 frilled lizards
  3 kobolds (D:1)
  2 rats (D:2)
84 creatures vanquished.

Notes
Turn   | Place    | Note
-------+----------+-------------------------------------------
     0 | D:1      | snakesoul the Tengu Air Elementalist began the quest for
                  | the Orb.
     0 | D:1      | Reached XP level 1. HP: 10/10 MP: 4/4
   273 | D:1      | Reached XP level 2. HP: 15/15 MP: 1/6
  1043 | D:2      | Learned a level 2 spell: Static Discharge
  1072 | D:2      | Reached XP level 3. HP: 19/19 MP: 1/7
  1423 | D:2      | Learned a level 3 spell: Swiftness
  1464 | D:2      | Found a basalt altar of Yredelemnul.
  1578 | D:2      | Reached XP level 4. HP: 24/24 MP: 6/9
  1718 | D:2      | Reached skill level 5 in Air Magic
  2177 | D:3      | Found a glowing drain.
  2216 | Sewer    | Entered a sewer
  2451 | Sewer    | Gained mutation: Your magical nature lets you fly swiftly
                  | and evasively. [Tengu growth]
  2451 | Sewer    | Reached XP level 5. HP: 28/28 MP: 6/10
  2918 | Sewer    | Slain by a bullfrog

Illustrated notes

Levels and vault maps discovered:
D:1:      grunt_arrival_crossed_arrows, layout_basic
D:2:      layout_loops_ring, basic_altar, st_stairs_14
D:3:      layout_basic, portal_sewer_entry_f, gammafunk_ghost_necromancy,
          ebering_ecumenical_altar_sacrificial
Sewer:    sewer_frog_island_02

Skill      XL: |  1  2  3  4  5 |
---------------+----------------+-----
Conjurations   | 2 3 4 |  4.0
Air Magic      | 5 |  5.6
Spellcasting   | 3 |  3.2
Dodging        | |  2.1
Stealth        | |  2.0

Action                     |  1- 3 |  4- 6 || total
---------------------------+-------+-------++-------
  Melee: Dagger            |    12 |     5 ||    17
         Kick              |     2 |     2 ||     4
   Cast: Shock             |    71 |    95 ||   166
         Static Discharge  |       |     2 ||     2
 Armour: Robe              |     2 |    14 ||    16
  Dodge: Dodged            |    19 |    18 ||    37
